TOP OF THE 1ST |
Vancouver Canadians batting - Pitching for Spokane Indians : RHP Victor Walshe
|
Pitching: RHP Victor Walshe
|
|
Batting: RHB Jorge Cruz
|
0-0: Foul Ball, location: 2F 0-1: Swinging Strike 0-2: Ball 1-2: Ball 2-2: Foul Ball, location: 2F 2-2: Foul Ball, location: 2F 2-2: Strikes out looking
|
Batting: RHB Dan Hilyer
|
0-0: Called Strike 0-1: Ball 1-1: Ground out 5-3 (Groundball, 56, EV 79.4 MPH)
|
Batting: LHB Tony Vitela
|
0-0: Ball 1-0: Ball 2-0: Ball 3-0: Called Strike 3-1: Called Strike 3-2: Foul Ball, location: 2F 3-2: Strikes out swinging
|
Top of the 1st over - 0 runs, 0 hits, 0 errors, 0 left on base; Vancouver 0 - Spokane 0 |
BOTTOM OF THE 1ST |
Spokane Indians batting - Pitching for Vancouver Canadians : LHP Sam Mathena
|
Pitching: LHP Sam Mathena
|
|
Batting: RHB Melvin Gomez
|
0-0: Foul Ball, location: 2F 0-1: Ground out 6-3 (Groundball, 6S, EV 82.5 MPH)
|
Batting: RHB Tony Rivera
|
0-0: Foul Ball, location: 2F 0-1: Ball 1-1: Ball 2-1: Called Strike 2-2: Ball 3-2: Fly out, F8 (Line Drive, 8RD, EV 93.8 MPH)
|
Batting: RHB Jorge Bernal
|
0-0: Ball 1-0: Foul Ball, location: 2F 1-1: Ball 2-1: Fly out, F7 (Flyball, 7D, EV 106.2 MPH)
|
Bottom of the 1st over - 0 runs, 0 hits, 0 errors, 0 left on base; Vancouver 0 - Spokane 0 |
TOP OF THE 2ND |
Vancouver Canadians batting - Pitching for Spokane Indians : RHP Victor Walshe
|
Batting: RHB Adam O'Hare
|
0-0: Ball 1-0: Ball 2-0: Ball 3-0: Base on Balls
|
Batting: RHB Terry Plumley
|
0-0: Called Strike 0-1: Called Strike 0-2: Foul Ball, location: 2F 0-2: Ball 1-2: Strikes out swinging
|
Batting: RHB John Rios
|
Balk! Adam O'Hare to second 0-0: Ball 1-0: Ball 2-0: SINGLE (Groundball, 56D, EV 106.2 MPH) Adam O'Hare to third Runner from 3rd tries for Home, SAFE, throw by LF to home John Rios to second
|
Batting: RHB Akira Kubo
|
0-0: Ball 1-0: Ball 2-0: Called Strike 2-1: Fly out, F7 (Flyball, 78M, EV 90.0 MPH)
|
Batting: RHB Luis Reyes
|
0-0: Foul Ball, location: 2F 0-1: Foul Ball, location: 2F 0-2: Ball 1-2: Foul Ball, location: 2F 1-2: Foul Ball, location: 2F 1-2: Ball 2-2: Foul Ball, location: 2F 2-2: Ball 3-2: DOUBLE (Line Drive, 3D, EV 97.5 MPH) John Rios scores
|
Batting: LHB Ron de Vos
|
0-0: Foul Ball, location: 2F 0-1: Ball 1-1: Called Strike 1-2: Foul Ball, location: 2F 1-2: Strikes out swinging
|
Top of the 2nd over - 2 runs, 2 hits, 0 errors, 1 left on base; Vancouver 2 - Spokane 0 |
BOTTOM OF THE 2ND |
Spokane Indians batting - Pitching for Vancouver Canadians : LHP Sam Mathena
|
Batting: RHB Victor Moya
|
0-0: Ground out 5-3 (Groundball, 5, EV 82.5 MPH)
|
Batting: RHB Ron Corn
|
0-0: Ball 1-0: Ball 2-0: Ball 3-0: Base on Balls
|
Batting: RHB Jerry Castillo
|
0-0: Foul Ball, location: 2F 0-1: Ball 1-1: Ball Wild Pitch! Ron Corn to second 2-1: Called Strike Ron Corn steals 3rd base 2-2: Ball Wild Pitch! Ron Corn scores 3-2: Ground out 6-3 (Groundball, 6M, EV 83.8 MPH)
|
Batting: RHB Mike Strey
|
0-0: Foul Ball, location: 2F 0-1: SINGLE (Groundball, 6D, EV 96.9 MPH)
|
Batting: LHB Sumiki Okuhara
|
0-0: Called Strike 0-1: Ball 1-1: Called Strike 1-2: Strikes out swinging
|
Bottom of the 2nd over - 1 run, 1 hit, 0 errors, 1 left on base; Vancouver 2 - Spokane 1 |
TOP OF THE 3RD |
Vancouver Canadians batting - Pitching for Spokane Indians : RHP Victor Walshe
|
Batting: RHB Jorge Cruz
|
0-0: Foul Ball, location: 2F 0-1: Bunted foul 0-2: Ball 1-2: Ball 2-2: Ground out 6-3 (Groundball, 56, EV 107.5 MPH)
|
Batting: RHB Dan Hilyer
|
0-0: Swinging Strike 0-1: Ball 1-1: Called Strike 1-2: Strikes out swinging
|
Batting: LHB Tony Vitela
|
0-0: Called Strike 0-1: Ball 1-1: Called Strike 1-2: SINGLE (Flyball, 78S, EV 96.9 MPH)
|
Batting: RHB Adam O'Hare
|
0-0: Called Strike 0-1: Ball Tony Vitela steals 2nd base 1-1: Ball 2-1: Fly out, F9 (Flyball, 9D, EV 104.4 MPH)
|
Top of the 3rd over - 0 runs, 1 hit, 0 errors, 1 left on base; Vancouver 2 - Spokane 1 |
BOTTOM OF THE 3RD |
Spokane Indians batting - Pitching for Vancouver Canadians : LHP Sam Mathena
|
Batting: RHB Johannes Gutermuth
|
0-0: Ball 1-0: Ball 2-0: Ball 3-0: Base on Balls
|
Batting: RHB Melvin Gomez
|
0-0: TRIPLE (Line Drive, 78XD, EV 112.5 MPH) Johannes Gutermuth scores
|
Batting: RHB Tony Rivera
|
0-0: Ball 1-0: Ball Wild Pitch! Melvin Gomez scores 2-0: Called Strike 2-1: Ground out 6-3 (Groundball, 6, EV 100.6 MPH)
|
Batting: RHB Jorge Bernal
|
0-0: Ball 1-0: Called Strike 1-1: Ball 2-1: SINGLE (Line Drive, 7S, EV 107.5 MPH)
|
Batting: RHB Victor Moya
|
0-0: Ball 1-0: Foul Ball, location: 2F Pickoff Throw to First - Error! E1 Jorge Bernal to second 1-1: Swinging Strike 1-2: Strikes out looking
|
Batting: RHB Ron Corn
|
0-0: Ball 1-0: SINGLE (Groundball, 34D, EV 108.8 MPH) Jorge Bernal to third Runner from 3rd tries for Home, SAFE, throw by RF to home
|
Batting: RHB Jerry Castillo
|
0-0: Called Strike 0-1: Ball 1-1: Foul Ball, location: 2F 1-2: Ball 2-2: Ball 3-2: Strikes out looking
|
Bottom of the 3rd over - 3 runs, 3 hits, 1 error, 1 left on base; Vancouver 2 - Spokane 4 |
TOP OF THE 4TH |
Vancouver Canadians batting - Pitching for Spokane Indians : RHP Victor Walshe
|
Batting: RHB Terry Plumley
|
0-0: Swinging Strike 0-1: Ball 1-1: SINGLE (Flyball, 8RS, EV 75.0 MPH)
|
Batting: RHB John Rios
|
0-0: Foul Ball, location: 2F 0-1: SINGLE (Groundball, 4MD, EV 95.0 MPH) Terry Plumley to second
|
Batting: RHB Akira Kubo
|
0-0: Ball 1-0: Ball 2-0: Ball 3-0: Called Strike 3-1: DOUBLE (Line Drive, 9LD, EV 105.6 MPH) Terry Plumley scores John Rios to third
|
Batting: RHB Luis Reyes
|
0-0: Ball 1-0: Swinging Strike 1-1: Swinging Strike 1-2: Ball 2-2: Foul Ball, location: 2F 2-2: Ground out 5-3 (Groundball, 56S, EV 69.4 MPH) John Rios scores Akira Kubo to third
|
Batting: LHB Ron de Vos
|
0-0: Called Strike 0-1: Foul Ball, location: 2F 0-2: Strikes out swinging
|
Batting: RHB Jorge Cruz
|
0-0: Ball 1-0: Ball 2-0: Called Strike 2-1: Called Strike 2-2: Ball 3-2: Strikes out swinging
|
Top of the 4th over - 2 runs, 3 hits, 0 errors, 1 left on base; Vancouver 4 - Spokane 4 |
BOTTOM OF THE 4TH |
Spokane Indians batting - Pitching for Vancouver Canadians : LHP Sam Mathena
|
Batting: RHB Mike Strey
|
0-0: Foul Ball, location: 2F 0-1: Swinging Strike 0-2: Foul Ball, location: 2F 0-2: Ball 1-2: Strikes out swinging
|
Batting: LHB Sumiki Okuhara
|
0-0: Called Strike 0-1: Ground out 4-3 (Groundball, 4, EV 99.4 MPH)
|
Batting: RHB Johannes Gutermuth
|
0-0: Ground out U3 (Groundball, 3S, EV 88.1 MPH)
|
Bottom of the 4th over - 0 runs, 0 hits, 0 errors, 0 left on base; Vancouver 4 - Spokane 4 |
TOP OF THE 5TH |
Vancouver Canadians batting - Pitching for Spokane Indians : RHP Victor Walshe
|
Batting: RHB Dan Hilyer
|
0-0: Ground out U3 (Groundball, 34, EV 88.1 MPH)
|
Batting: LHB Tony Vitela
|
0-0: Called Strike 0-1: Ball 1-1: Swinging Strike 1-2: Strikes out looking
|
Batting: RHB Adam O'Hare
|
0-0: Ball 1-0: Ball 2-0: Called Strike 2-1: Swinging Strike 2-2: Strikes out swinging
|
Top of the 5th over - 0 runs, 0 hits, 0 errors, 0 left on base; Vancouver 4 - Spokane 4 |
BOTTOM OF THE 5TH |
Spokane Indians batting - Pitching for Vancouver Canadians : LHP Sam Mathena
|
Batting: RHB Melvin Gomez
|
0-0: Ball 1-0: Ball 2-0: Foul Ball, location: 2F 2-1: Foul Ball, location: 2F 2-2: Ball 3-2: Foul Ball, location: 2F 3-2: Strikes out swinging
|
Batting: RHB Tony Rivera
|
0-0: Ball 1-0: Swinging Strike 1-1: Foul Ball, location: 2F 1-2: Ball 2-2: Foul Ball, location: 2F 2-2: Strikes out swinging
|
Batting: RHB Jorge Bernal
|
0-0: Foul Ball, location: 2F 0-1: Ball 1-1: Ground out 6-3 (Groundball, 56, EV 101.2 MPH)
|
Bottom of the 5th over - 0 runs, 0 hits, 0 errors, 0 left on base; Vancouver 4 - Spokane 4 |
TOP OF THE 6TH |
Vancouver Canadians batting - Pitching for Spokane Indians : RHP Victor Walshe
|
Batting: RHB Terry Plumley
|
0-0: Ball 1-0: Foul Ball, location: 2F 1-1: Ground out 5-3 (Groundball, 5S, EV 75.0 MPH)
|
Batting: RHB John Rios
|
0-0: Called Strike 0-1: Ball 1-1: Swinging Strike 1-2: Foul Ball, location: 2F 1-2: Ball 2-2: Strikes out swinging
|
Batting: RHB Akira Kubo
|
0-0: Foul Ball, location: 2F 0-1: Foul Ball, location: 2F 0-2: Strikes out looking
|
Top of the 6th over - 0 runs, 0 hits, 0 errors, 0 left on base; Vancouver 4 - Spokane 4 |
BOTTOM OF THE 6TH |
Spokane Indians batting - Pitching for Vancouver Canadians : LHP Sam Mathena
|
Batting: RHB Victor Moya
|
0-0: Ball 1-0: Ball 2-0: SINGLE (Groundball, 56S, EV 70.6 MPH) (infield hit)
|
Batting: RHB Ron Corn
|
0-0: Called Strike 0-1: Ball 1-1: Foul Ball, location: 2F 1-2: Fielders Choice at 2nd, 5-4 (Groundball, 5, EV 108.1 MPH)
|
Batting: RHB Jerry Castillo
|
0-0: Ball 1-0: Swinging Strike 1-1: Foul Ball, location: 2F 1-2: Strikes out swinging Ron Corn steals 2nd, throwing error, E2 Ron Corn to third
|
Batting: RHB Mike Strey
|
0-0: Called Strike 0-1: Ball 1-1: Ball 2-1: Ball 3-1: Base on Balls
|
Batting: LHB Sumiki Okuhara
|
0-0: Ball 1-0: Ball 2-0: Called Strike 2-1: Ball Wild Pitch! Ron Corn scores Mike Strey to second 3-1: Called Strike 3-2: Foul Ball, location: 2F 3-2: Base on Balls
|
Pitching: LHP Rico Saldarriaga
|
|
Batting: RHB Johannes Gutermuth
|
0-0: Ball 1-0: Ball Wild Pitch! Mike Strey to third Sumiki Okuhara to second 2-0: Called Strike 2-1: Foul Ball, location: 2F 2-2: SINGLE (Groundball, 4MD, EV 109.4 MPH) Mike Strey scores Sumiki Okuhara to third Runner from 3rd tries for Home, throw by CF and OUT! 8-2
|
Bottom of the 6th over - 2 runs, 2 hits, 1 error, 1 left on base; Vancouver 4 - Spokane 6 |
TOP OF THE 7TH |
Vancouver Canadians batting - Pitching for Spokane Indians : RHP Victor Walshe
|
Pitching: RHP Victor Morin
|
|
Pinch Hitting: LHB Chris Fandino
|
0-0: Called Strike 0-1: Foul Ball, location: 2F 0-2: Foul Ball, location: 2F 0-2: Ball 1-2: Ball 2-2: Ball 3-2: Strikes out swinging
|
Batting: LHB Ron de Vos
|
0-0: Ball 1-0: Ball 2-0: Ball 3-0: Called Strike 3-1: Swinging Strike 3-2: Strikes out swinging
|
Pinch Hitting: LHB Rodrigo Briceno
|
0-0: Ball 1-0: Ball 2-0: Foul Ball, location: 2F 2-1: Foul Ball, location: 2F 2-2: Ball 3-2: SINGLE (Line Drive, 7LS, EV 94.4 MPH)
|
Pinch Hitting: SHB Tim Hone
|
0-0: Foul Ball, location: 2F 0-1: SINGLE (Line Drive, 8RS, EV 106.2 MPH) Rodrigo Briceno to second
|
Batting: LHB Tony Vitela
|
0-0: Ball 1-0: DOUBLE (Line Drive, 5D, EV 103.1 MPH) Rodrigo Briceno scores Tim Hone to third Runner from 3rd tries for Home, SAFE, no throw by LF
|
Batting: LHB Chris Munguia
|
0-0: Called Strike 0-1: Called Strike 0-2: Strikes out looking
|
Top of the 7th over - 2 runs, 3 hits, 0 errors, 1 left on base; Vancouver 6 - Spokane 6 |
BOTTOM OF THE 7TH |
Spokane Indians batting - Pitching for Vancouver Canadians : LHP Rico Saldarriaga
|
Now at 1B: Rodrigo Briceno
|
|
Now at 2B: Jamie Ogilvie
|
|
Now at 3B: Terry Plumley
|
|
Now in LF: Tim Hone
|
|
Batting: RHB Melvin Gomez
|
0-0: Called Strike 0-1: Swinging Strike 0-2: Foul Ball, location: 2F 0-2: Ball 1-2: Foul Ball, location: 2F 1-2: Ground out 6-3 (Groundball, 6, EV 90.6 MPH)
|
Batting: RHB Tony Rivera
|
0-0: Ball 1-0: SINGLE (Groundball, 6MD, EV 97.5 MPH)
|
Batting: RHB Jorge Bernal
|
0-0: Ball Tony Rivera is caught stealing 2nd base 2-4 1-0: Called Strike 1-1: Foul Ball, location: 2F 1-2: Ball 2-2: Ground out 4-3 (Groundball, 4, EV 96.9 MPH)
|
Bottom of the 7th over - 0 runs, 1 hit, 0 errors, 0 left on base; Vancouver 6 - Spokane 6 |
TOP OF THE 8TH |
Vancouver Canadians batting - Pitching for Spokane Indians : RHP Victor Morin
|
Batting: RHB Terry Plumley
|
0-0: Foul Ball, location: 2F 0-1: Ball 1-1: Called Strike 1-2: Fly out, F8 (Flyball, 8LXD, EV 92.5 MPH)
|
Pinch Hitting: LHB Devin Huber
|
0-0: Ball 1-0: Ball 2-0: Ball 3-0: Called Strike 3-1: Called Strike 3-2: Strikes out swinging
|
Pinch Hitting: LHB Tso-lin Fen
|
0-0: Called Strike 0-1: Ball 1-1: Foul Ball, location: 2F 1-2: Strikes out swinging
|
Top of the 8th over - 0 runs, 0 hits, 0 errors, 0 left on base; Vancouver 6 - Spokane 6 |
BOTTOM OF THE 8TH |
Spokane Indians batting - Pitching for Vancouver Canadians : LHP Rico Saldarriaga
|
Now at C: David Cooper
|
|
Now at SS: Jose Garza
|
|
Batting: RHB Victor Moya
|
0-0: Ball 1-0: Swinging Strike 1-1: Ball 2-1: Ball 3-1: Base on Balls
|
Batting: RHB Ron Corn
|
0-0: Ball 1-0: Ball 2-0: Fielders Choice at 2nd, 4-6 (Groundball, 4MD, EV 108.8 MPH)
|
Batting: RHB Jerry Castillo
|
0-0: Ball 1-0: Ball 2-0: Called Strike 2-1: Ball 3-1: Bunted foul 3-2: SINGLE (Flyball, 89S, EV 85.6 MPH) Ron Corn to second Ron Corn to third
|
Batting: RHB Mike Strey
|
0-0: Called Strike 0-1: SINGLE (Groundball, 4, EV 97.5 MPH) Ron Corn scores Jerry Castillo to second Runner from 2nd tries for 3rd, SAFE, throw by CF made to third
|
Batting: LHB Sumiki Okuhara
|
0-0: Foul Ball, location: 2F 0-1: Called Strike 0-2: Foul Ball, location: 2F 0-2: Ball 1-2: Ball 2-2: TRIPLE (Line Drive, 8LXD, EV 103.1 MPH) Jerry Castillo scores Mike Strey scores
|
Pitching: RHP Dave Bible
|
|
Pinch Hitting: LHB Yasahiko Teshima
|
0-0: Ball 1-0: Called Strike 1-1: Foul Ball, location: 2F 1-2: Ball 2-2: Foul Ball, location: 2F 2-2: Foul Ball, location: 2F 2-2: Strikes out looking
|
Batting: RHB Melvin Gomez
|
0-0: Ball 1-0: Ball 2-0: Foul Ball, location: 2F 2-1: Swinging Strike 2-2: Foul Ball, location: 2F 2-2: Hit by Pitch
|
Batting: RHB Tony Rivera
|
0-0: Ball 1-0: Called Strike 1-1: Foul Ball, location: 2F 1-2: Ball 2-2: Foul Ball, location: 2F 2-2: Ball 3-2: Ground out 5-3 (Groundball, 56, EV 89.4 MPH)
|
Bottom of the 8th over - 3 runs, 3 hits, 0 errors, 2 left on base; Vancouver 6 - Spokane 9 |
TOP OF THE 9TH |
Vancouver Canadians batting - Pitching for Spokane Indians : RHP Victor Morin
|
Pitching: RHP John Carbonneau
|
|
Now at 2B: Tony Rivera
|
|
Now at 3B: Antonio Morado
|
|
Now at SS: Brace Harper
|
|
Now in LF: Nick Solberg
|
|
Batting: RHB Jamie Ogilvie
|
0-0: Called Strike 0-1: Ball 1-1: Ball 2-1: Ball 3-1: Swinging Strike 3-2: Ground out 6-3 (Groundball, 6, EV 76.9 MPH)
|
Batting: LHB Ron de Vos
|
0-0: Swinging Strike 0-1: Ball 1-1: Ball 2-1: Foul Ball, location: 2F 2-2: Foul Ball, location: 2F 2-2: Strikes out swinging
|
Batting: LHB Rodrigo Briceno
|
0-0: Foul Ball, location: 2F 0-1: Swinging Strike 0-2: Foul Ball, location: 2F 0-2: Foul Ball, location: 2F 0-2: Foul Ball, location: 2F 0-2: Strikes out swinging
|
Top of the 9th over - 0 runs, 0 hits, 0 errors, 0 left on base; Vancouver 6 - Spokane 9 |
|